 Dungeon Crawl Stone Soup version 0.20-a0-46-g4a4b873 (webtiles) character file.

300 Faca the Chopper (level 6, 0/48 HPs)
             Began as a Demonspawn Berserker on Nov 14, 2016.
             Was a Priest of Trog.
             Succumbed to an orc wizard's poison
             ... on level 4 of the Dungeon on Nov 15, 2016.
             The game lasted 00:21:17 (2582 turns).

Faca the Chopper (Demonspawn Berserker)             Turns: 2582, Time: 00:21:17

Health: 0/48       AC: 16    Str: 17    XL:     6   Next: 13%
Magic:  6/6        EV: 16    Int:  8    God:    Trog [***...]
Gold:   148        SH:  0    Dex: 20    Spells: 0 memorised, 5 levels left

rFire  + . .     SeeInvis +     o - +0 hand axe
rCold  + . .     Gourm    .     d - +1 scale mail
rNeg   . . .     Faith    .     (no shield)
rPois  .         Spirit   .     j - +2 helmet
rElec  .         Reflect  .     (no cloak)
rCorr  .         Harm     .     (no gloves)
MR     .....                    (no boots)
Stlth  ++........               (no amulet)
                                p - ring of see invisible
                                k - ring of protection from fire

@: agile, lethally poisoned (0 -> -19), sanguine armour
A: claws 1, cold resistance 1, powered by pain 1, sanguine armour 1
a: Berserk, Trog's Hand, Burn Spellbooks, Renounce Religion


You were on level 4 of the Dungeon.
You worshipped Trog.
Trog was most pleased with you.
You were not hungry.

You visited 1 branch of the dungeon, and saw 4 of its levels.

You collected 148 gold pieces.

Inventory:

Hand Weapons
 o - a +0 hand axe (weapon)
Armour
 d - a +1 scale mail (worn)
 j - a +2 helmet (worn)
Jewellery
 k - a ring of protection from fire (left claw)
 p - a ring of see invisible (right claw)
Scrolls
 a - 2 scrolls of identify
 c - a scroll of remove curse
 g - a scroll of blinking
Potions
 b - a potion of flight {unknown}
 e - 2 potions of agility
 f - a potion of lignification {unknown}
 h - a potion of berserk rage {unknown}
 i - 2 potions of magic {unknown}
 l - a potion of resistance {unknown}
Comestibles
 m - 4 fruits
 n - a bread ration


   Skills:
 + Level 3.9 Fighting
 + Level 4.8 Axes
 + Level 0.1 Throwing
 + Level 3.0 Armour
 + Level 2.3 Dodging
 + Level 0.6 Stealth


You had 5 spell levels left.
You didn't know any spells.

Dungeon Overview and Level Annotations

Branches:
Dungeon (4/15)
 Temple: D:4-7

Altars:
Elyvilon
Hepliaklqana
Sif Muna


Innate Abilities, Weirdness & Mutations

You have sharp fingernails.
Your flesh is cold resistant. (rC+)
You sometimes gain a little power by taking damage.
When seriously injured, your bleeding wounds create armour. (AC +6)


Message History

You are more poisoned.
You hit the orc wizard.
The orc wizard is lightly wounded.
The orc priest invokes the aid of Beogh against you.
Beogh smites you!
* * * LOW HITPOINT WARNING * * *
The orc wizard hits you with a dagger of venom.
* * * LOW HITPOINT WARNING * * *
You are lethally poisoned!
You hit the orc wizard.
The orc wizard is heavily wounded.
You closely miss the orc.
* * * LOW HITPOINT WARNING * * *
You feel sick. The orc hits you.
* * * LOW HITPOINT WARNING * * *
The orc wizard hits you but does no damage.
You are more poisoned.
It was a potion of agility.
You feel agile all of a sudden.
You die...

#.## #.......## #..#
####........
#.####.>.....####
#........†..##
###............#
#.##..............##
#..................##
###.####..............#
....#.##.......@...#...#
...#.......###oo........
............###...$....
..........#....o...###.
.......†...###.....###.
<...................#..
........#..............
.......................
#...........##.§.(..#..


You could see an orc priest, an orc wizard and an orc.

Vanquished Creatures
  2 orc wizards (D:3)
  An orc priest (D:3)
  A worker ant (D:4)
  Robin (D:2)
  2 adders (D:3)
  7 gnolls
  An ooze (D:3)
  2 dart slugs (D:1)
  4 leopard geckos
  3 orcs
  3 giant cockroaches
  13 goblins
  11 hobgoblins
  3 jackals (D:1)
  A quokka (D:2)
  A ball python (D:4)
  12 bats
  5 frilled lizards
  8 kobolds
  A leopard gecko skeleton (D:4)
  4 rats
86 creatures vanquished.

Notes
Turn   | Place    | Note
-------+----------+-------------------------------------------
     0 | D:1      | Faca the Demonspawn Berserker began the quest for the Orb.
     0 | D:1      | Reached XP level 1. HP: 18/18 MP: 1/1
    59 | D:1      | Reached skill level 3 in Axes
   103 | D:1      | Gained mutation: When seriously injured, your bleeding wounds create armour. (AC +6) [demonic ancestry]
   103 | D:1      | Reached XP level 2. HP: 19/24 MP: 2/2
   527 | D:1      | Gained mutation: You have sharp fingernails. [demonic ancestry]
   527 | D:1      | Reached XP level 3. HP: 18/29 MP: 3/3
   745 | D:2      | Found a deep blue altar of Sif Muna.
   774 | D:2      | Noticed Robin
   786 | D:2      | Reached ** piety under Trog
   791 | D:2      | Killed Robin
  1110 | D:2      | Gained mutation: Your flesh is cold resistant. (rC+) [demonic ancestry]
  1110 | D:2      | Reached XP level 4. HP: 15/35 MP: 4/4
  1114 | D:2      | Reached skill level 4 in Axes
  1541 | D:3      | Reached XP level 5. HP: 21/41 MP: 5/5
  1926 | D:3      | Found a white marble altar of Elyvilon.
  2023 | D:3      | Found a hazy altar of Hepliaklqana.
  2048 | D:3      | Reached *** piety under Trog
  2059 | D:3      | Gained mutation: You sometimes gain a little power by taking damage. [demonic ancestry]
  2059 | D:3      | Reached XP level 6. HP: 26/48 MP: 6/6
  2581 | D:4      | HP: 1/48 [orc (4)]
  2582 | D:4      | Succumbed to an orc wizard's poison

Vault maps used:
D:1:      lightli_arrival_flooded_house, minmay_misc_feat_secret_circle,
          minmay_misc_feat_rows
D:2:      led_sif_pool, first_bread, uniq_robin
D:3:      lemuel_round_altar, elyvilon_altar_3
D:4:      gammafunk_temple_overflow_claw, portal_sewer_entry_e

Skill      XL: |  1  2  3  4  5  6 |
---------------+-------------------+-----
Axes           | 3 4 |  4.8
Armour         | 2 3 |  3.0
Dodging        | 2 |  2.3
Fighting       | |  3.9
Throwing       | |  0.1
Stealth        | |  0.6

Action                   |  1- 3 |  4- 6 || total
-------------------------+-------+-------++-------
Melee: Hand axe          |   122 |   168 ||   290
Throw: Tomahawk          |     3 |       ||     3
  Use: Scroll            |     3 |     4 ||     7
       Potion            |       |     1 ||     1
  Eat: Bread ration      |     1 |       ||     1
       Fruit             |       |     3 ||     3
Armor: Scale mail        |    77 |   111 ||   188
Dodge: Dodged            |    86 |    93 ||   179
